 Dungeon Crawl Stone Soup version 0.20.1-1-g8b1a95d (webtiles) character file.

18 FollowTheCloud the Sneak (level 2, -2/13 HPs)
             Began as a Spriggan Enchanter on Aug 11, 2017.
             Slain by a goblin
             ... wielding a +0 club
              (4 damage)
             ... on level 1 of the Dungeon.
             The game lasted 00:02:12 (610 turns).

FollowTheCloud the Sneak (Spriggan Enchanter)        Turns: 610, Time: 00:02:12

Health: -2/13      AC:  2    Str:  4    XL:     2   Next: 48%
Magic:  7/7        EV: 19    Int: 16    God:
Gold:   20         SH:  0    Dex: 16    Spells: 6/7 levels left

rFire    . . .     SeeInvis +   a - +1 dagger
rCold    . . .     Gourm    .   (shield restricted)
rNeg     . . .     Faith    .   b - +0 robe
rPois    .         Spirit   .   (helmet restricted)
rElec    .         Reflect  .   (no cloak)
rCorr    .         Harm     .   (gloves unavailable)
MR       .....                  (boots unavailable)
Stlth    +++.......             (no amulet)
Regen    0.1/turn               (no ring)
MPRegen  0.1/turn               (no ring)

@: very quick
A: unfitting armour, see invisible, herbivore 3, speed 3, slow metabolism 2
a: no special abilities


You were on level 1 of the Dungeon.
You were not hungry.

You visited 1 branch of the dungeon, and saw 1 of its levels.

You collected 20 gold pieces.

Inventory:

Hand Weapons
 a - a +1 dagger (weapon)
Armour
 b - a +0 robe (worn)
Jewellery
 f - a +6 ring of strength {unknown}
Scrolls
 h - a scroll of enchant armour {unknown}
Potions
 e - a potion of cancellation {unknown}
 g - a potion of resistance {unknown}
 i - a potion of heal wounds {unknown}
Books
 c - a book of Maledictions

   Spells                             Type                      Level
   a - Corona                         Hexes                        1
   b - Ensorcelled Hibernation        Hexes/Ice                    2
   c - Confuse                        Hexes                        3
   d - Tukima's Dance                 Hexes                        3
   e - Dazzling Spray                 Conjuration/Hexes            3
Comestibles
 d - a bread ration


   Skills:
 + Level 1.3 Short Blades
 + Level 3.4 Dodging
 + Level 5.0 Stealth
 + Level 3.1 Spellcasting
 - Level 3.6 Hexes


You had 6 spell levels left.
You knew the following spells:

 Your Spells              Type           Power        Failure   Level  Hunger
a - Corona                Hex            ##.....      4%          1    #......


Dungeon Overview and Level Annotations

Branches:
Dungeon (1/15)

Altars:


Innate Abilities, Weirdness & Mutations

You are very small and have problems with some larger weapons.
You are too small for most types of armour.
You have supernaturally acute eyesight. (SInv)
You are a herbivore.
You cover ground extremely quickly.
You need consume almost no food.


Message History

You see here 2 stones.
The goblin throws a stone.
The stone completely misses you.
The kobold throws a stone.
The stone closely misses you. The goblin hits you but does no damage.
The kobold closely misses you.
You see here 2 stones.
The kobold closely misses you. The goblin misses you.
You see here 3 stones.
You hit the kobold.
The kobold is heavily wounded.
The kobold closely misses you.
You closely miss the kobold.
The kobold is heavily wounded.
The kobold hits you with a whip.
You hit the kobold.
You kill the kobold!
You hit the goblin but do no damage. The goblin completely misses you.
You closely miss the goblin. The goblin hits you with a club.
* * * LOW HITPOINT WARNING * * *
You barely miss the goblin. The goblin hits you with a club.
You die...

......)..........................
####♣#♣####..########.###.#####..
#≈♣♣♣.## ♣...........# #.# #..
#≈#♣.#.##♣♣♣...#####..# #.# #..
...........♣##.# #...##.# #..
...........♣ #.# #.#.##.# #..
..###+###..♣ #.# #.#.##.# #..
..#..P..#..♣♣#.#####.#..#.#####..
..'...<.#...♣#(.@g...............
..#.P...#..≈.#.###......#.# ###..
..#.....#...#..# #........# ##.
..#P....#..#♣#####.....#..# #.
..#######..# #.(.......#.. #) ...
...)♣ #K#####'#.##.## #† ...
.....♣♣#.####.....#..# #. ♣#
#.####♣#...........#..#####. ♣.#
#((..####..............


You could see a goblin.

Vanquished Creatures
  An ooze (D:1)
  A dart slug (D:1)
  3 goblins (D:1)
  2 hobgoblins (D:1)
  2 bats (D:1)
  2 kobolds (D:1)
  A rat (D:1)
12 creatures vanquished.

Notes
Turn   | Place    | Note
-------+----------+-------------------------------------------
     0 | D:1      | FollowTheCloud the Spriggan Enchanter began the quest for the Orb.
     0 | D:1      | Reached XP level 1. HP: 9/9 MP: 5/5
   161 | D:1      | Reached XP level 2. HP: 7/13 MP: 4/6
   598 | D:1      | Reached skill level 5 in Stealth
   610 | D:1      | Slain by a goblin

Skill      XL: |  1  2 |
---------------+-------+-----
Spellcasting   | 3 |  3.1
Stealth        | 5 |  5.0
Short Blades   | |  1.3
Dodging        | |  3.4
Hexes          | |  3.6

Action                   || total
-------------------------++-------
Melee: Dagger            ||    72
 Cast: Corona            ||     9
 Stab: Sleeping          ||     1
Armor: Robe              ||    16
Dodge: Dodged            ||    93
